Map: 2000 атмосфер РВ

Players

ИИ 1 (эксперт)

  • Race: Protoss Protoss

Doll - Winner!

  • Race: Terran Terran

VOD

Have the link to the VOD?

Description

Time

  • Played on: July 31, 2021, 2:45 p.m.
  • Length: 9:14
Show
View Real Time Build Order
Export as new Build Order

ИИ 1 (эксперт) Protoss 

Build Orders: Zealot Archon 

Get SALT Encoding   

  12  0:00  Probe  
  13  0:13  Probe  
  14  0:19  Pylon  
  14  0:25  Probe  
  15  0:34  Probe  
  15  0:42  Probe  
  16  0:47  Assimilator  
  17  0:50  Gateway  
  17  0:52  Probe  
  18  1:00  Pylon, Probe  
  19  1:08  Probe  
  19  1:18  Probe  
  21  1:36  Gateway  
  21  1:37  Probe  
  21  1:39  Zealot  
  24  1:41  Cybernetics Core  
  24  1:48  Pylon  
  24  1:50  Probe  
  25  1:57  Zealot  
  25  2:02  Probe  
  28  2:08  Warp Gate  
  28  2:10  Assimilator  
  28  2:14  Probe  
  29  2:23  Adept  
  29  2:25  Adept  
  29  2:26  Probe  
  34  2:36  Pylon  
  34  2:38  Probe  
  35  2:50  Probe  
  36  2:53  Sentry  
  36  2:55  Adept  
  40  3:02  Probe  
  41  3:14  Probe  
  41  3:16  Nexus  
  42  3:22  Stalker  
  44  3:29  Stalker  
  46  3:40  Gateway  
  46  4:23  Probe  
  46  4:27  Stalker x2, Probe  
  46  4:29  Gateway  
  52  4:31  Probe  
  52  4:34  Stalker  
  55  4:39  Probe  
  55  4:41  Probe  
  57  4:50  Stalker  
  57  4:51  Pylon, Probe  
  60  4:53  Probe  
  60  4:58  Pylon  
  61  5:04  Probe  
  62  5:09  Stalker, Probe  
  62  5:10  Stalker  
  62  5:12  Probe  
  67  5:16  Stalker  
  67  5:20  Probe  
  67  5:21  Probe  
  70  5:23  Stalker  
  70  5:26  Pylon  
  74  5:29  Probe  
  74  5:30  Pylon, Probe  
  76  5:37  Probe  
  76  5:42  Probe  
  78  5:44  Sentry, Stalker x2  
  78  5:46  Twilight Council  
  78  5:47  Zealot  
  78  5:48  Probe  
  87  5:55  Pylon  
  87  6:08  Assimilator  
  87  6:12  Assimilator  
  87  6:17  Pylon  
  87  6:27  Templar Archives, Probe  
  87  6:28  Probe  
  87  6:31  Forge  
  87  6:32  Nexus  
  89  6:35  Probe  
  89  6:36  Probe  
  90  6:45  Probe  
  91  6:48  Forge  
  91  6:53  Robotics Facility, Protoss Ground Weapons Level 1  
  92  7:03  Stalker x2, High Templar x2  
  92  7:04  Pylon  
  96  7:23  Archon  
  96  7:24  High Templar, Photon Cannon  
  96  7:26  Pylon  
  96  7:28  Zealot  
  100  7:32  Zealot  
  100  7:35  Zealot  
  90  7:43  Observer  
  71  7:45  Zealot, Probe x2  
  71  7:48  Zealot  
  66  7:52  Adept  
  66  7:55  High Templar  
  66  7:57  Probe x2  
  71  8:00  High Templar  
  64  8:06  Zealot  
  64  8:08  Stalker  
  64  8:09  Probe x2  
  38  8:24  Probe  
  38  8:26  High Templar  
  39  8:27  Zealot, Probe  
  39  8:31  Zealot  
  43  8:34  Probe  
  43  8:37  High Templar  
  43  8:39  Probe  
  47  8:42  Probe  
  47  8:43  Nexus  
  47  8:48  Stalker  
  46  8:51  Probe  
  46  8:52  Zealot  
  42  8:59  Adept  
  40  9:09  Zealot  
Show
View Real Time Build Order
Export as new Build Order

Doll Terran - Winner!

Build Orders: 2 Factory, Mech 

Get SALT Encoding   

  12  0:00  SCV  
  13  0:16  Supply Depot  
  13  0:18  SCV  
  14  0:30  SCV  
  15  0:41  Barracks  
  15  0:43  SCV  
  16  1:11  Command Center  
  16  1:17  SCV  
  17  1:27  Marine, Supply Depot  
  17  1:29  SCV  
  19  1:38  Refinery  
  19  1:42  SCV  
  19  1:46  Marine  
  21  1:51  Refinery  
  21  1:54  SCV  
  22  2:03  Marine  
  22  2:07  SCV  
  24  2:19  SCV  
  24  2:21  Marine  
  26  2:22  Orbital Command  
  26  2:32  Factory  
  26  2:34  SCV  
  27  2:39  Marine  
  28  2:46  SCV  
  28  2:49  SCV  
  30  2:57  Marine  
  31  2:58  Factory  
  31  3:00  SCV  
  31  3:03  SCV  
  33  3:12  Orbital Command  
  33  3:15  SCV  
  33  3:19  Hellion  
  36  3:20  Marine  
  37  3:28  Supply Depot  
  37  3:29  SCV  
  38  3:37  SCV  
  38  3:38  Marine  
  38  3:41  Hellion  
  42  3:42  Hellion  
  42  3:44  SCV  
  45  3:51  Factory, SCV  
  46  3:56  SCV  
  46  4:01  Marine  
  46  4:02  Supply Depot  
  48  4:03  Hellion  
  50  4:11  Armory, SCV  
  50  4:12  SCV  
  50  4:16  Hellion  
  54  4:23  Bunker  
  54  4:25  SCV  
  54  4:26  Supply Depot, SCV  
  54  4:28  Hellion  
  54  4:30  Barracks Tech Lab  
  58  4:35  Factory Tech Lab  
  58  4:38  Factory Tech Lab  
  58  4:39  SCV x2  
  58  4:43  Supply Depot  
  60  4:50  Stimpack  
  60  4:51  Factory Tech Lab  
  60  4:52  SCV x2  
  62  4:54  Siege Tank  
  62  4:58  Siege Tank  
  68  5:02  Marauder  
  68  5:07  Supply Depot, SCV x2  
  70  5:12  Refinery  
  72  5:14  Refinery  
  72  5:15  Cyclone  
  72  5:20  SCV x2  
  77  5:32  Hellion  
  77  5:33  SCV  
  77  5:34  SCV  
  81  5:36  Command Center  
  81  5:38  Cyclone  
  81  5:42  Marauder  
  86  5:51  Supply Depot  
  86  5:56  Starport, Barracks  
  86  5:59  Barracks  
  86  6:11  Engineering Bay  
  86  6:12  Engineering Bay, SCV  
  86  6:13  Supply Depot  
  86  6:16  Siege Tank  
  86  6:18  Siege Tank  
  93  6:20  SCV  
  93  6:25  Supply Depot  
  94  6:30  Supply Depot  
  94  6:34  Starport Tech Lab  
  94  6:35  Ghost Academy  
  94  6:38  Terran Infantry Weapons Level 1  
  94  6:40  Terran Infantry Armor Level 1  
  94  6:42  SCV  
  94  6:43  SCV  
  94  6:45  Barracks Tech Lab  
  96  6:47  Barracks Tech Lab  
  96  6:54  Orbital Command  
  96  6:56  SCV x2  
  96  7:01  Banshee  
  98  7:04  Marauder x2  
  105  7:09  Marauder  
  105  7:10  SCV x2  
  105  7:13  Terran Vehicle Weapons Level 1  
  109  7:21  SCV  
  110  7:23  SCV  
  110  7:24  SCV  
Tags
 
Add a new tag
Caveats
  • Supply blocks, unpowered buildings, or Contaminate may cause inaccurate times.
  • Supply counts are checked every 10 seconds.